[Event "*** Titled Tuesday Blitz"]
[Site "Chess.com"]
[Date "2020.11.10"]
[Round "6"]
[White "Love_craft"]
[Black "davigator"]
[Result "1-0"]
[WhiteElo "2587"]
[BlackElo "2370"]
[TimeControl "180+1"]
[EndTime "11:10:31 PST"]
[Termination "Love_craft won by resignation"]

1. Nf3 d5 2. g3 Bg4 3. Bg2 Nd7 4. h3 Bh5 5. O-O e6 6. b3 Ngf6 7. Bb2 Be7 8. d3 O-O 9. Nbd2 c6 10. e4 Qb6 11.
Qe2 Bc5 12. g4 Bg6 13. e5 Ne8 14. h4 h5 15. Ng5 hxg4 16. Qxg4 Bf5 17. Qe2 Bd4 18.
Bxd4 Qxd4 19. Ndf3 Qb6 20. h5 c5 21. Kh2 f6 22.
exf6 gxf6 23. Nh3 Qd6+ 24. Kh1 e5 25. Rg1 Kh8 26. Qe3 Rf7 27. Nh4 Bh7 28. Ng6+ Kg8 29.
c4 dxc4 30. dxc4 Rg7 31. Rad1 Bxg6 32. Rxd6 Nxd6 33. hxg6 Rxg6 34. Qd3 f5 35. Bd5+ Kg7 36. Rxg6+ Kxg6 37. Be6 Rh8 38. Kg2 Ne4 39. Qxd7 Rf8 40. Bd5 Nf6 41. Qd6 Re8 42. Bxb7 e4 43. Nf4+ Kg5 44.
Ne6+ Kg6 45. Bd5 e3 46. fxe3 Rh8 47. Qc7 Rh7 48. Qb8 Re7 49. Qg3+ Kh5 50. Nf4+ 1-0

[Event "*** Titled Tuesday Blitz"]
[Site "Chess.com"]
[Date "2020.11.10"]
[Round "6"]
[White "Sueetin"]
[Black "Ranindu2003"]
[Result "1-0"]
[WhiteElo "2314"]
[BlackElo "2546"]
[TimeControl "180+1"]
[EndTime "11:10:32 PST"]
[Termination "Sueetin won by resignation"]

1. c4 e6 2. d4 d5 3. Nc3 a6 4. cxd5 exd5 5. Nf3 Nf6 6. Bf4 Bd6 7. e3 O-O 8. Bd3 Be6 9. O-O Qe7 10. a3 Nbd7 11. b4 a5 12. Bxd6 Qxd6 13. b5 Bg4 14. h3 Bh5 15. Be2 Rfe8 16. Ne1 Bg6 17. Nd3 h6 18.
Bf3 Ne4 19. Bxe4 dxe4 20. Nf4 Bf5 21. a4 Nf6 22. Rc1 Rac8 23. Qb3 Qd7 24. Ncd5 Nh7 25. Rc5 Qd6 26. Nc3 g5 27. Nh5 Be6 28. Qc2 b6 29.
Nxe4 Qe7 30. Rc6 Bf5 31. f3 Bg6 32. Nhg3 f5 33. Nc3 Qxe3+ 34. Kh1 Bf7 35. Nxf5 Qf4 36. Nxh6+ Kh8 37. Nxf7+ Qxf7 38. Ne4 Qg7 39. d5 Re5 40. d6 g4 41. Rxc7 Rxc7 42. dxc7 gxh3 43. c8=Q+ Nf8 44. Qxh3+ Kg8 45. Qb3+ Ne6 46. Qbxe6+ Rxe6 47. Qxe6+ Kh8 48. Qh3+ Kg8 49. Qg4 1-0

[Event "*** Titled Tuesday Blitz"]
[Site "Chess.com"]
[Date "2020.11.10"]
[Round "6"]
[White "Fandorine"]
[Black "sofaceindisguise"]
[Result "1/2-1/2"]
[WhiteElo "2831"]
[BlackElo "2687"]
[TimeControl "180+1"]
[EndTime "11:10:34 PST"]
[Termination "Game drawn by agreement"]

1. e4 e5 2. Bc4 Nf6 3. d3 Nc6 4. Nc3 Na5 5. Nge2 Nxc4 6. dxc4 Bb4 7. Qd3 Bxc3+ 8. Nxc3 d6 9. b3 Be6 10. a4 a5 11. O-O Nd7 12. Be3 b6 13. Rad1 O-O 14.
Qe2 f5 15. exf5 Bxf5 16. Nd5 Be4 17. Bg5 Qxg5 18. Qxe4 Nf6 19. Ne7+ Kh8 20. Qc6 Rae8 21. Nd5 Nxd5 22. Qxd5 Re7 23. Rfe1 Ref7 24. Rd2 Qh4 25. g3 Qg4 26. Re4 Qf3 27. Re3 Qxd5 28. cxd5 Rf3 29. Re4 Rc3 30. Kf1 g6 31. h4 Kg7 32. Rde2 h5 33.
R4e3 Rf3 34. Re4 Kf6 35. Ke1 Kf5 36. Kf1 Rxc2 37. Rxe5+ dxe5 38. Rxc2 Rxb3 39. Rxc7 Rd3 40. Rf7+ Ke4 41. Rf6 Rxd5 42. Rxg6 b5 43. axb5 Rxb5 44. Kg2 Kd3 45. Rd6+ Kc4 46. Ra6 Kb3 47. g4 hxg4 48. h5 a4 49. h6 Rb7 50. Kg3 a3 51. Kxg4 a2 52. Kg5 Rf7 53. Rb6+ Kc3 54. Ra6 Rxf2 55.
h7 Rh2 56. Rxa2 Rxh7 57. Kf5 Re7 58. Ke4 Re8 1/2-1/2

[Event "*** Titled Tuesday Blitz"]
[Site "Chess.com"]
[Date "2020.11.10"]
[Round "6"]
[White "JonahWillow"]
[Black "Shuvalov"]
[Result "0-1"]
[WhiteElo "2605"]
[BlackElo "2458"]
[TimeControl "180+1"]
[EndTime "11:10:34 PST"]
[Termination "Shuvalov won on time"]

1. e4 e6 2. d4 d5 3. Nd2 Nf6 4. e5 Nfd7 5. c3 c5 6. f4 Nc6 7. Ndf3 Qb6 8. g3 cxd4 9. cxd4 Bb4+ 10. Kf2 f6 11. Kg2 O-O 12. Bd3 Rf7 13. Ne2 Nf8 14. h4 f5 15. h5 Rc7 16. Bb1 Bd7 17. Nh2 Be7 18. g4 Rac8 19. gxf5 exf5 20. Nf3 Be6 21. Nc3 Na5 22. Nh4 Bxh4 23. Rxh4 Nc6 24. Rh3 Qxd4 25. Rd3 Qc4 26. Be3 d4 27. Bxd4 Nxd4 28. Rxd4 Qc6+ 29. Kg3 Qb6 30. Na4 Qb5 31. Bd3 Qe8 32. Qe2 Rd8 33. Rxd8 Qxd8 34. Nc3 a6 35. Rd1 Qe8 36. Kh4 Qe7+ 37. Kh3 Nd7 38. Rg1 Nc5 39. Bc2 Ne4 40. Nxe4 fxe4+ 41. Kg3 Qc5 42. Rg2 e3 43. Qd3 g6 44. hxg6 Rg7 45. Kh2 hxg6 46. Rxg6 Bd5 47. Rxg7+ Kxg7 48. Qg6+ Kf8 49. Qf6+ Kg8 50. Bf5 e2 51.
Qg6+ Kf8 52. Qf6+ Kg8 53. Qd8+ Kg7 54. Qe7+ Qxe7 0-1

[Event "*** Titled Tuesday Blitz"]
[Site "Chess.com"]
[Date "2020.11.10"]
[Round "6"]
[White "IsuruAlahakoon"]
[Black "mbojan"]
[Result "0-1"]
[WhiteElo "2465"]
[BlackElo "2665"]
[TimeControl "180+1"]
[EndTime "11:10:35 PST"]
[Termination "mbojan won on time"]

1. d4 g6 2. Nc3 Bg7 3. e4 d6 4. Bf4 a6 5. Qd2 b5 6. O-O-O Bb7 7. f3 Nd7 8. h4 h6 9. Nh3 Rc8 10. Nf2 c5 11. dxc5 Nxc5 12. Nd3 Ne6 13. Be3 Nf6 14.
Kb1 Nd7 15. h5 g5 16. f4 gxf4 17. Nxf4 Nxf4 18. Bxf4 Rxc3 19. bxc3 Qc7 20. e5 Nxe5 21. Qd4 Bc8 22. c4 bxc4 23. Bxe5 Bxe5 24. Qxc4 Qxc4 25. Bxc4 Rg8 26. Bd5 Rg4 27. c3 e6 28. Bf3 Rc4 29. Rd3 Ke7 30. Kc2 Bd7 31. Kb3 Rc8 32. Rhd1 Rb8+ 33.
Kc2 Ba4+ 34. Kd2 Bxd1 35. Bxd1 Rb2+ 36. Ke3 Rxa2 37. c4 Rxg2 38. Ra3 Rg1 39. Bf3 Ra1 40. Rxa1 Bxa1 41. Kd3 Bb2 42. Kc2 Bd4 43. Kb3 Bb6 44. Ka4 a5 45. Kb5 Bd8 46. Kc6 a4 47. Bd1 a3 48.
Bb3 Ba5 49. Ba2 Bc3 50. Bb3 Bd4 51. Ba2 Bc5 52. Bb3 f5 0-1

[Event "*** Titled Tuesday Blitz"]
[Site "Chess.com"]
[Date "2020.11.10"]
[Round "6"]
[White "Natalya_Buksa"]
[Black "Kotofeyca"]
[Result "1-0"]
[WhiteElo "2574"]
[BlackElo "2381"]
[TimeControl "180+1"]
[EndTime "11:10:35 PST"]
[Termination "Natalya_Buksa won on time"]

1. d4 d5 2. Nc3 Bf5 3. Bf4 e6 4. e3 Nf6 5. Nf3 Bd6 6. Ne5 O-O 7. g4 Be4 8. f3 Bg6 9. h4 h6 10. h5 Bh7 11. g5 hxg5 12. Bxg5 Nbd7 13. Bd3 Be7 14.
h6 g6 15. Qe2 Nxe5 16. dxe5 Nd7 17. Bxe7 Qxe7 18. f4 Kh8 19. O-O-O g5 20. Bxh7 Kxh7 21. e4 c6 22. exd5 cxd5 23. Rdg1 Rg8 24. Qd3+ Kh8 25. Qe3 Rg6 26. fxg5 Rag8 27. Rh5 Qb4 28. Ne2 Qa5 29. Nf4 Qxa2 30. Nxg6+ Rxg6 31. Qa3 Qxa3 32. bxa3 Nxe5 33.
Rh3 Nc4 34. Rb3 b6 35. a4 Kh7 36. Rf1 Nd6 37. Rc3 Rxg5 38. Rc6 Nf5 39. Rc7 Nd6 40. Rd7 Nf5 41. Rxf7+ Kxh6 42. Rf6+ Kg7 43.
Rxe6 Nd4 44. Re7+ Kg6 45. Rxa7 Rg2 46. Rc7 Ne2+ 47. Kb2 d4 48. Kb3 Nc3 49. Rc6+ Kg5 50. Rxb6 Ne4 51. Rb5+ Kg4 52. Rd1 Nd2+ 53. Kb4 Kf4 54.
a5 Ke4 55. a6 Nf3 56. a7 Rg8 57. Rb8 Rg6 58. a8=Q+ 1-0

[Event "*** Titled Tuesday Blitz"]
[Site "Chess.com"]
[Date "2020.11.10"]
[Round "6"]
[White "oskariot"]
[Black "kuli4ik"]
[Result "0-1"]
[WhiteElo "2695"]
[BlackElo "2866"]
[TimeControl "180+1"]
[EndTime "11:10:36 PST"]
[Termination "kuli4ik won by resignation"]

1. e4 g6 2. d4 Bg7 3. Nf3 d6 4. c3 e6 5. Bd3 b6 6. O-O Bb7 7. Re1 a6 8. a4 Nd7 9. Nbd2 h6 10. Nf1 Ne7 11. Ng3 c5 12. Bf4 Qc7 13. dxc5 Nxc5 14. Bc2 e5 15. Be3 O-O 16. Qd2 Kh7 17. b4 Ne6 18. Bb3 Rad8 19. a5 bxa5 20. Rxa5 Nf4 21. c4 f5 22. exf5 Nxf5 23. Bxf4 exf4 24. Nxf5 Rxf5 25. Rxf5 gxf5 26. Qxf4 Be4 27. Rxe4 fxe4 28. Qxe4+ Kh8 29. Bc2 Bc3 30. Nh4 Qf7 31. Ng6+ Kg7 32. Qg4 Qf6 33. Nf4+ Kh8 34. Nd5 Qe5 35. g3 Rf8 36.
Qe4 Qxe4 37. Bxe4 Bd4 38. Nf4 Rb8 39. b5 axb5 40. cxb5 Rxb5 41. Kg2 Rb2 42. Nd3 Rd2 43. Kf3 Kg7 44. h4 Kf6 45. g4 Bb6 46. Bf5 d5 47.
Kg3 h5 48. Kf3 hxg4+ 49. Kxg4 Bxf2 50. h5 Be3 51. Bh7 Bh6 52. Bg6 Re2 53. Kf3 Re3+ 54. Kf2 d4 55. Kg2 Ke6 56. Kf2 Kd5 57. Ne1 Bg5 58. Nf3 Bf4 59. Nh4 Bg3+ 0-1

[Event "*** Titled Tuesday Blitz"]
[Site "Chess.com"]
[Date "2020.11.10"]
[Round "6"]
[White "zivicd"]
[Black "niki_2003"]
[Result "1-0"]
[WhiteElo "2241"]
[BlackElo "1964"]
[TimeControl "180+1"]
[EndTime "11:10:37 PST"]
[Termination "zivicd won on time"]

1. e4 c5 2. Nc3 a6 3. a4 e6 4. g3 b6 5. Bg2 Bb7 6. f4 Nf6 7. d3 d5 8. e5 Ng8 9. Qe2 Be7 10. Nf3 Nh6 11. O-O Nc6 12. Kh1 Nf5 13. Nd1 h5 14. Kg1 b5 15. c3 c4 16. d4 Na5 17. axb5 axb5 18. Ne3 Nb3 19. Rxa8 Qxa8 20. Nxf5 exf5 21. e6 f6 22. Nh4 Qa6 23. Nxf5 Kf8 24. Nxe7 Kxe7 25.
f5 b4 26. Bf4 Qa5 27. Qe3 Qa2 28. Rf2 Qb1+ 29. Bf1 Ba6 30. Bc7 Qe4 31. Qxe4 dxe4 32. d5 Bb5 33. d6+ Ke8 34. Be2 Nc1 35. Bd1 e3 36.
Rg2 Nd3 37. d7+ Bxd7 38. exd7+ Kxd7 39. Bf4 Re8 40. Re2 Nxf4 41. gxf4 Kc6 42. Kg2 Rd8 43.
Ba4+ Kb6 44. Kf3 1-0

[Event "*** Titled Tuesday Blitz"]
[Site "Chess.com"]
[Date "2020.11.10"]
[Round "6"]
[White "VerdeNotte"]
[Black "joppie2"]
[Result "1/2-1/2"]
[WhiteElo "2889"]
[BlackElo "2969"]
[TimeControl "180+1"]
[EndTime "11:10:39 PST"]
[Termination "Game drawn by agreement"]

1. e4 e5 2. Nf3 Nc6 3. Bc4 Bc5 4. c3 Nf6 5. d4 exd4 6. e5 d5 7. Bb5 Ne4 8. cxd4 Bb6 9. Nc3 Bg4 10. Be3 O-O 11.
h3 Bh5 12. Qc2 Ba5 13. O-O Bxf3 14. gxf3 Ng5 15. Qf5 Ne6 16. Bxc6 bxc6 17. Ne2 Bb6 18. Rac1 g6 19. Qg4 Qd7 20. f4 f5 21. Qg3 Kh8 22. Rc2 g5 23. fxg5 f4 24. Nxf4 Nxf4 25. Bxf4 Qf5 26. g6 Rg8 27. Rxc6 Bxd4 28. Rf6 Qh5 29.
Rc1 c5 30. b4 c4 31. Kh2 Rae8 32. Qg4 Qxg4 33. hxg4 Rxg6 34. Rxg6 hxg6 35. Rd1 Bxe5 36. Bxe5+ Rxe5 37. Kg3 g5 38. f4 Re3+ 39. Kf2 gxf4 40. Rxd5 c3 41. Rd4 c2 42. Rc4 Rh3 43. Kg2 Rg3+ 44.
Kf2 Rxg4 45. Rxc2 Rh4 46. Kf3 Kg7 47. Rc7+ Kf6 48. Rxa7 Ke5 49. Ra5+ Kd4 50. Rf5 Rh3+ 51. Kxf4 Ra3 52. Ra5 Rxa5 53. bxa5 Kc5 54. Ke3 Kb5 55. Kd2 Kxa5 56. Kc2 Kb5 57. Kb2 Ka5 58. a3 Kb5 59.
Kb3 Ka5 60. a4 1/2-1/2

[Event "*** Titled Tuesday Blitz"]
[Site "Chess.com"]
[Date "2020.11.10"]
[Round "6"]
[White "NikolaGry"]
[Black "chito89"]
[Result "1-0"]
[WhiteElo "2639"]
[BlackElo "2830"]
[TimeControl "180+1"]
[EndTime "11:10:39 PST"]
[Termination "NikolaGry won by resignation"]

1. e4 c5 2. Be2 e6 3. f4 d5 4. d3 Nc6 5. Nf3 g6 6. O-O Bg7 7. c3 Nge7 8. Nbd2 b6 9. e5 Nf5 10. Nb3 d4 11. Qe1 h5 12. Ng5 Bb7 13. Bd2 a5 14. a4 Qd5 15. c4 Qd7 16. Bf3 Nb4 17.
Bxb4 axb4 18. a5 Ne3 19. axb6 Rxa1 20. Qxa1 Bxf3 21. Nxc5 Qc6 22. Rxf3 O-O 23. Qa5 Ra8 24. Qb5 Qxb5 25. cxb5 Ra5 26. b7 Rxb5 27. Nge4 Bf8 28.
Rxe3 dxe3 29. d4 b3 30. Kf1 Be7 31. Ke2 Kf8 32. Nd6 Bxd6 33. exd6 Ke8 34. Kxe3 Kd8 35. h4 Rb6 36. d7 Kc7 37. Ke4 f6 38. Kd3 Rb4 39. Kc3 Rb6 40. Kc4 Kd8 41. Kc3 Kc7 42. Kd3 Kd8 43. Kc4 Kc7 44. d5 e5 45.
d6+ Rxd6 46. fxe5 fxe5 47. Kb5 Rd5 48. Kc4 Rd4+ 49. Kc3 e4 50. Kxd4 e3 51. Kxe3 1-0

[Event "*** Titled Tuesday Blitz"]
[Site "Chess.com"]
[Date "2020.11.10"]
[Round "6"]
[White "emiliochess"]
[Black "Chessdreamer2020"]
[Result "0-1"]
[WhiteElo "2282"]
[BlackElo "2516"]
[TimeControl "180+1"]
[EndTime "11:10:39 PST"]
[Termination "Chessdreamer2020 won on time"]

1. d4 d6 2. Bf4 g6 3. e3 Bg7 4.
Nf3 Nd7 5. h3 e5 6. Bh2 Qe7 7. Be2 Nh6 8. c4 O-O 9. Nc3 f6 10. b4 Nf7 11. Qb3 Kh8 12. a4 e4 13.
Nd2 f5 14. c5 g5 15. Nb5 dxc5 16. Nxc7 cxd4 17. Nxa8 dxe3 18. Rd1 exd2+ 19. Rxd2 f4 20. O-O Nde5 21. Bh5 Be6 22. Qd1 Rxa8 23. Re1 Bf5 24. Rd5 Qxb4 25. Bxf7 Nxf7 26. Rxf5 Ne5 27. Rxg5 Nd3 28.
Rf1 Rf8 29. Qg4 Qd4 30. Rf5 Nxf2 31. Rxf8+ Bxf8 32. Qe2 Bc5 33. Bxf4 Nxh3+ 34. Kh2 Nxf4 35. Rxf4 Bd6 36. g3 Bxf4 37. gxf4 e3 38. Qg4 Qd2+ 39.
Kh3 e2 40. Qc8+ Kg7 41. Qxb7+ Kf6 42. Qc6+ Kf5 43. Qc8+ Kxf4 44. Qg4+ Ke3 45. Qe6+ Kd3 46. Qf5+ Kc3 47. Qa5+ Kc2 48. Qxa7 e1=Q 49. Qc5+ Kd1 50. Qf5 Qee3+ 51. Kg4 Qdd4+ 52. Kh5 Qee5 0-1

[Event "*** Titled Tuesday Blitz"]
[Site "Chess.com"]
[Date "2020.11.10"]
[Round "6"]
[White "Manukyan_Artak"]
[Black "vladgoncharov"]
[Result "1/2-1/2"]
[WhiteElo "2345"]
[BlackElo "2463"]
[TimeControl "180+1"]
[EndTime "11:10:39 PST"]
[Termination "Game drawn - insufficient material"]

1. e4 e6 2. d4 d5 3. e5 c5 4. c3 Nc6 5. Nf3 Nge7 6. a3 cxd4 7.
cxd4 Nf5 8. Nc3 a6 9. b4 Bd7 10. Bb2 b5 11. Rc1 Rc8 12. Na2 Nh4 13. g3 Nxf3+ 14.
Qxf3 Qb6 15. Qd3 Be7 16. Be2 O-O 17. O-O f5 18. f4 a5 19. Qxb5 Qxb5 20. Bxb5 Nxe5 21.
Bxd7 Nxd7 22. bxa5 Rb8 23. Nb4 Rfc8 24. Nc6 Rxc6 25. Rxc6 Rxb2 26. Rc7 Bf6 27. Rxd7 Bxd4+ 28. Kh1 Ra2 29. Rc1 h5 30. Rc6 Rxa3 31. Rxe6 Rxa5 32. Kg2 h4 33. gxh4 Ra2+ 34. Kf3 Ra3+ 35. Ke2 Rh3 36. Rxd5 Bf6 37. Rxf5 Rxh2+ 38. Kf3 Rxh4 39. Rd5 Rh1 40. Rc6 Kh7 41. Rd7 Kg6 42. Rc4 Rf1+ 43. Ke4 Re1+ 44. Kd5 Kf5 45. Rd6 Rd1+ 46. Kc6 Ra1 47.
Rd5+ Kg4 48. Kd7 Re1 49. f5+ Kg5 50. Rc6 Rf1 51. Re6 Rxf5 52. Rxf5+ Kxf5 53. Re1 Be5 54. Rg1 g5 55. Rxg5+ Kxg5 1/2-1/2

[Event "*** Titled Tuesday Blitz"]
[Site "Chess.com"]
[Date "2020.11.10"]
[Round "6"]
[White "Slovak_fighter2000"]
[Black "Trickov"]
[Result "0-1"]
[WhiteElo "2448"]
[BlackElo "2343"]
[TimeControl "180+1"]
[EndTime "11:10:39 PST"]
[Termination "Trickov won by resignation"]

1. e4 c5 2. Nf3 d6 3. Bb5+ Nd7 4. c4 a6 5. Bxd7+ Bxd7 6. Nc3 Rc8 7. O-O b5 8. b3 b4 9. Ne2 e5 10. a3 a5 11.
axb4 axb4 12. Ng3 Be7 13. d3 Nf6 14. h3 O-O 15. Nh2 Be6 16. Qf3 Ra8 17. Bg5 Ra3 18.
Rab1 Nd7 19. Bxe7 Qxe7 20. Nf5 Bxf5 21. Qxf5 Nb8 22. f4 Nc6 23. Nf3 exf4 24. Qxf4 Rfa8 25. Kh2 Ra2 26. Qg4 Ne5 27. Nxe5 Qxe5+ 28. Kh1 Qe6 29.
Qf3 Rd2 30. Rbd1 Rxd1 31. Rxd1 Qe5 32. Rf1 f6 33. Qg4 h5 34. Qd7 Ra2 35. Qc8+ Kh7 36. Qd7 Rd2 37. Qf5+ Qxf5 38. Rxf5 Rxd3 39. Rxh5+ Kg6 40. Rd5 Rxb3 41. Rxd6 Rc3 42. e5 Rxc4 43. exf6 gxf6 44. Rb6 Rc2 45. Kh2 Kg5 46. Kg3 Rc3+ 47.
Kf2 b3 48. Rb5 Kg6 49. h4 c4 50. g4 Rc2+ 51. Ke3 b2 52. h5+ Kh6 53. Rb6 Kg5 54. h6 Kxh6 55. Rxf6+ Kg5 56. Rb6 c3 57. Kd4 Rc1 0-1

[Event "*** Titled Tuesday Blitz"]
[Site "Chess.com"]
[Date "2020.11.10"]
[Round "6"]
[White "LawrenceTrent"]
[Black "DrVelja"]
[Result "1/2-1/2"]
[WhiteElo "2555"]
[BlackElo "2759"]
[TimeControl "180+1"]
[EndTime "11:10:40 PST"]
[Termination "Game drawn by repetition"]

1. e4 c5 2. Nc3 Nc6 3. f4 g6 4.
Nf3 Bg7 5. Bb5 Nd4 6. a4 a6 7.
Bc4 e6 8. O-O Ne7 9. Ba2 d5 10.
d3 O-O 11. Kh1 b6 12. Nxd4 cxd4 13. Ne2 dxe4 14. dxe4 Bb7 15. Ng3 Nc6 16. f5 Be5 17. fxe6 fxe6 18. Bxe6+ Kg7 19. Rxf8 Qxf8 20. Bg5 Qd6 21. Qg4 Bxg3 22. hxg3 h5 23. Bf6+ Kxf6 24. Rf1+ Kg7 25. Rf7+ Kh6 26. Qf3 Re8 27. Bd5 Re7 28. Rf8 Kh7 29. Rf7+ Rxf7 30. Qxf7+ Kh6 31. Qxb7 Qxg3 32.
Qc8 Qe1+ 33. Kh2 Qh4+ 34. Qh3 Qxh3+ 35. Kxh3 Ne5 36. Kg3 Kg5 37. Kf2 Kf4 38. g3+ Kg5 39.
b4 a5 40. bxa5 bxa5 41. Be6 h4 42. gxh4+ Kxh4 43. Kg2 g5 44. Bf5 g4 45. Be6 g3 46.
Bf5 Nc4 47. Kf3 Ne5+ 48. Kg2 Nc6 49. Bd7 Ne5 50. Bf5 1/2-1/2

[Event "*** Titled Tuesday Blitz"]
[Site "Chess.com"]
[Date "2020.11.10"]
[Round "6"]
[White "Ave_Mariia"]
[Black "124chess"]
[Result "1-0"]
[WhiteElo "2530"]
[BlackElo "2712"]
[TimeControl "180+1"]
[EndTime "11:10:40 PST"]
[Termination "Ave_Mariia won by resignation"]

1. d4 Nf6 2. c4 e6 3. g3 d5 4.
Nf3 dxc4 5. Bg2 a6 6. O-O Nc6 7.
e3 Bd7 8. Qe2 b5 9. b3 cxb3 10. axb3 Be7 11. Nc3 O-O 12. Rd1 Nb4 13.
Ne5 Nfd5 14. Bd2 Be8 15. Rdc1 f6 16. Nxd5 Nxd5 17. Nc6 Bxc6 18. Rxc6 Qd7 19. Rcxa6 Rxa6 20. Rxa6 c6 21. Qd1 f5 22. Qa1 Rc8 23. e4 fxe4 24.
Bxe4 Bf6 25. Be3 c5 26. Ra7 Rc7 27. Rxc7 Nxc7 28. Qa7 Bxd4 29. Qb8+ Ne8 30. Bxd4 cxd4 31. Bd3 Kf7 32. Bxb5 Qe7 33. Qf4+ Nf6 34. Qxd4 Qb7 35. Bc4 Qc6 36. Qe5 Ke7 37. h4 g6 38. Qg5 Kf7 39. Qf4 Ke7 40. b4 Ne4 41. Bd3 Nd6 42. Qe5 Nf7 43.
Qg7 Qd6 44. Qc3 Ne5 45. Be4 Nd7 46. b5 Nf6 47. Bc6 Qd1+ 48. Kg2 Qd6 49. b6 Ng4 50. Bf3 Ne5 51. b7 Qb8 52. Qc8 Nd7 53. Bc6 1-0

[Event "*** Titled Tuesday Blitz"]
[Site "Chess.com"]
[Date "2020.11.10"]
[Round "6"]
[White "m_ezat"]
[Black "dpopadic"]
[Result "1-0"]
[WhiteElo "2482"]
[BlackElo "2345"]
[TimeControl "180+1"]
[EndTime "11:10:40 PST"]
[Termination "m_ezat won on time"]

1. d4 Nf6 2. c4 g6 3. Nc3 Bg7 4. e4 d6 5. Be2 O-O 6. Bg5 h6 7. Be3 e5 8. d5 a5 9. Qd2 Kh7 10. h4 h5 11. f3 Na6 12. Nh3 Bxh3 13. Rxh3 c6 14. Rh1 cxd5 15. cxd5 Nc5 16. g4 Rc8 17. Bg5 Qb6 18. Bxf6 Bxf6 19. gxh5 gxh5 20. f4 Rg8 21. Bxh5 exf4 22. Bxf7 Rg3 23. Be6 Nd3+ 24. Kf1 Rf8 25. Bf5+ Kh8 26. Qe2 f3 27. Qd2 Bg7 28. Na4 Qb5 29.
Nc3 Qxb2 30. Qxb2 Nxb2 31. Nb5 Nc4 32. Rd1 Ne3+ 33. Kf2 Nxd1+ 34. Kxg3 Ne3 35. Nxd6 Be5+ 36. Kxf3 Nc2 37. Nxb7 Nd4+ 38. Kg4 Rg8+ 39. Kh5 Bf6 40. Nd6 Be7 41. Nf7+ Kg7 42. Ng5 Nf3 43. Nxf3 Kf6 44. Ng5 Ke5 45. Rc1 Kf4 46. Rf1+ Ke5 47. Kg4 Rb8 48. Be6 Rb2 49. Rf5+ Kd6 50. Nf7+ Kc5 51.
d6+ 1-0

[Event "*** Titled Tuesday Blitz"]
[Site "Chess.com"]
[Date "2020.11.10"]
[Round "6"]
[White "Kazmin_Dmitrij"]
[Black "TST2014"]
[Result "1-0"]
[WhiteElo "2279"]
[BlackElo "2478"]
[TimeControl "180+1"]
[EndTime "11:10:40 PST"]
[Termination "Kazmin_Dmitrij won on time"]

1. e4 c5 2. Nc3 Nc6 3. g3 g6 4. Bg2 Bg7 5. d3 d6 6. Nge2 Nd4 7. O-O Bg4 8. f3 Bd7 9. Be3 h5 10. h3 Qc8 11. Kh2 e6 12. Rb1 Ne7 13. Qd2 a5 14. Nd1 a4 15. a3 b5 16. Ng1 Qc7 17.
c3 Nb3 18. Qf2 d5 19. d4 h4 20. Ne2 hxg3+ 21. Qxg3 Rc8 22. Qxc7 Rxc7 23. dxc5 Nxc5 24. Nf2 Nb3 25. Bf4 e5 26. Be3 d4 27. Bg5 f6 28.
Bc1 Nc6 29. f4 Be6 30. Nd3 Bc4 31. Rd1 Rd7 32. cxd4 Ncxd4 33. Nc3 Nc2 34. Nf2 Rxd1 35. Nfxd1 Kf7 36. fxe5 fxe5 37. Ne3 Bd3 38. Ned5 Ncd4 39. Bg5 Bxb1 40. Nxb1 Rc8 41. Nbc3 Rc4 42. Nb6 Rc6 43. Nd7 Ke6 44. Nb8 Rc8 45. Na6 Bf6 46. Be3 Nc5 47.
Nb4 Be7 48. h4 Ncb3 49. Bh3+ 1-0

[Event "*** Titled Tuesday Blitz"]
[Site "Chess.com"]
[Date "2020.11.10"]
[Round "6"]
[White "Matols"]
[Black "IngOscarArdila"]
[Result "0-1"]
[WhiteElo "2246"]
[BlackElo "2138"]
[TimeControl "180+1"]
[EndTime "11:10:41 PST"]
[Termination "IngOscarArdila won on time"]

1. d4 Nf6 2. c4 g6 3. g3 Bg7 4. Bg2 d6 5. Nc3 O-O 6. Nf3 Nbd7 7. O-O e5 8. e4 exd4 9. Nxd4 Re8 10. h3 Nc5 11.
Re1 a5 12. Ndb5 Bd7 13. Qc2 Bc6 14. Bg5 h6 15. Bd2 Qd7 16. Rad1 Bxb5 17. cxb5 Qe6 18. Nd5 Nxd5 19. exd5 Qd7 20. Bf1 b6 21. b3 Kh7 22.
a3 Rxe1 23. Rxe1 Re8 24. Rxe8 Qxe8 25. b4 axb4 26. axb4 Ne4 27. Be3 Nc3 28. Bd2 Nxd5 29. Bc4 Nf6 30. Qd3 Qd7 31. Kg2 d5 32. Bb3 Qe6 33. Be3 Kg8 34. Bf4 Qd7 35. Qc2 Qxb5 36. Qxc7 Qxb4 37. Qd8+ Qf8 38. Qxb6 Qe8 39. Qd4 Qe4+ 40.
Qxe4 dxe4 41. Kf1 g5 42. Be3 Kf8 43. Ke2 Ke7 44. Bd4 Ne8 45. Bxg7 Nxg7 46. Ke3 f5 47. g4 Kf6 48. gxf5 Nxf5+ 49. Kxe4 Nd6+ 50. Kf3 Nf5 51. Bc2 Nd4+ 52. Kg4 Nxc2 53. Kh5 Kg7 54. h4 gxh4 55. Kxh4 Nd4 56. Kg4 Kg6 57. Kh4 Nf5+ 58. Kg4 h5+ 59. Kf4 Kf6 0-1

[Event "*** Titled Tuesday Blitz"]
[Site "Chess.com"]
[Date "2020.11.10"]
[Round "6"]
[White "tdf98pantani"]
[Black "ShahMatKanal"]
[Result "1-0"]
[WhiteElo "2723"]
[BlackElo "2500"]
[TimeControl "180+1"]
[EndTime "11:10:42 PST"]
[Termination "tdf98pantani won by checkmate"]

1. d4 d5 2. c4 e6 3. Nc3 Nf6 4. Nf3 Nbd7 5. cxd5 exd5 6. Bg5 c6 7. e3 Be7 8. Bd3 O-O 9. O-O h6 10. Bf4 Nh5 11.
Be5 Nxe5 12. dxe5 g6 13. Nd4 c5 14. Nc2 Ng7 15. Be2 Be6 16. Bf3 Qc7 17. Nxd5 Bxd5 18. Qxd5 Rad8 19. Qxb7 Qxe5 20. Na3 Nf5 21. Nc4 Qe6 22.
Rac1 a6 23. Bg4 Qf6 24. Bxf5 gxf5 25. g3 Rb8 26. Qf3 Kg7 27. Rfd1 Rfd8 28. Kg2 Rxd1 29. Rxd1 a5 30. Rd5 Rb4 31. b3 a4 32. Rxf5 Qe6 33. Re5 Qf6 34. Qg4+ Kf8 35. Qc8+ Kg7 36. Qd7 axb3 37. axb3 Rxc4 38. Rf5 Qe6 39. Qxe6 fxe6 40.
Re5 Kf6 41. Rh5 Kg6 42. Re5 Kf6 43. Rxe6+ Kxe6 44. bxc4 Bf6 45. f4 h5 46. Kf3 Bc3 47. h3 Kf6 48. g4 hxg4+ 49. hxg4 Ke6 50. g5 Bd2 51. e4 Bc1 52. Kg4 Bd2 53. e5 Bc1 54. g6 Bd2 55. f5+ Ke7 56. f6+ Ke6 57.
g7 Kf7 58. Kf5 Bc3 59. e6+ Kg8 60. e7 Bxf6 61. e8=Q+ Kxg7 62. Qg6+ Kh8 63. Qxf6+ Kg8 64. Qe7 Kh8 65. Kg6 Kg8 66. Qe8# 1-0

[Event "*** Titled Tuesday Blitz"]
[Site "Chess.com"]
[Date "2020.11.10"]
[Round "6"]
[White "natelleka"]
[Black "novocane"]
[Result "0-1"]
[WhiteElo "2153"]
[BlackElo "2285"]
[TimeControl "180+1"]
[EndTime "11:10:42 PST"]
[Termination "novocane won on time"]

1. e4 c5 2. Nf3 Nc6 3. d4 cxd4 4. Nxd4 e5 5. Nb5 d6 6. c4 Be7 7. N1c3 a6 8. Na3 f5 9. exf5 Bxf5 10. Bd3 Be6 11. O-O Nf6 12. f4 exf4 13. Bxf4 Ne5 14. Qe2 Bg4 15. Qe3 O-O 16. Bxe5 dxe5 17. h3 Bh5 18. Bf5 Qd4 19. Qxd4 exd4 20. Nd5 Bxa3 21. bxa3 Nxd5 22. cxd5 Rad8 23. Be6+ Bf7 24. Rxf7 Rxf7 25.
Rd1 Kf8 26. Bxf7 Kxf7 27. Rxd4 Kf6 28. a4 Ke5 29. Rb4 Rd7 30. Rb1 Kxd5 31. Kf2 Re7 32.
Kf3 Kc4 33. g4 b5 34. axb5 axb5 35. h4 b4 36. g5 Ra7 37. Rb2 g6 38. Ke4 Ra4 39.
Rc2+ Kb5 40. Kd5 Ra7 41. Kd6 Ka4 42. Kc5 Rc7+ 43. Kb6 Rxc2 44. Kb7 Rxa2 45. Kc7 b3 0-1

[Event "*** Titled Tuesday Blitz"]
[Site "Chess.com"]
[Date "2020.11.10"]
[Round "6"]
[White "nelsoncopa"]
[Black "Ashedu66"]
[Result "1-0"]
[WhiteElo "1916"]
[BlackElo "2215"]
[TimeControl "180+1"]
[EndTime "11:10:42 PST"]
[Termination "nelsoncopa won on time"]

1. d4 d6 2. c4 e5 3. e3 Be7 4.
Nf3 e4 5. Nfd2 f5 6. g3 Nf6 7.
Bg2 O-O 8. O-O c5 9. Nc3 Nc6 10. d5 Ne5 11. b3 Bd7 12. Bb2 Nd3 13.
Rb1 Nxb2 14. Rxb2 a6 15. b4 b6 16. bxc5 bxc5 17. f3 exf3 18. Bxf3 Qa5 19. Qc2 Rab8 20.
Rfb1 Rxb2 21. Rxb2 Re8 22. Kf2 Bf8 23. Ne2 g6 24.
Nf4 Bg7 25. Rb3 g5 26. Nh5 Nxh5 27. Bxh5 Rf8 28. Nf3 h6 29. h3 Qd8 30. Nh2 Qf6 31.
Bf3 Qe5 32. Nf1 Re8 33. Qd2 Rf8 34. Kg2 Be8 35. Be2 Bg6 36. Nh2 h5 37. Nf3 Qf6 38. Nh2 Bh6 39. Nf1 f4 40. exf4 gxf4 41. Bf3 Kh7 42.
g4 hxg4 43. hxg4 Bg5 44. Qc3 Qxc3 45. Rxc3 Rb8 46. Rb3 Rxb3 47. axb3 Bc2 48. Kf2 Kg7 49. Nd2 Bd3 50. Be2 1-0